 Seeded DCSS version 0.27.1-34-g3ba077fa99 (webtiles) character file.

Game seed: 12092574107127483836 (custom seed)

3823 hikkokomori the Fighter (level 10, -4/114 HPs)
             Began as an Ogre Berserker on Feb 4, 2022.
             Was a High Priest of Trog.
             Slain by a troll (7 damage)
             ... on level 9 of the Dungeon.
             The game lasted 00:15:33 (10067 turns).

hikkokomori the Fighter (Ogre Berserker)           Turns: 10067, Time: 00:15:34

Health: -4/114     AC:  4    Str: 23    XL:     10   Next: 17%
Magic:  10/10      EV: 12    Int: 14    God:    Trog [*****.]
Gold:   317        SH:  0    Dex: 11    Spells: 9/9 levels left

rFire    . . .     SeeInvis .   p - +0 giant spiked club
rCold    . . .     Faith    +   (shield currently unavailable)
rNeg     . . .     Spirit   .   b - +0 animal skin
rPois    .         Reflect  .   (helmet restricted)
rElec    .         Harm     .   k - +0 cloak
rCorr    .         Rampage  .   (gloves unavailable)
Will     +....                  (boots unavailable)
Stlth    +.........             u - amulet of faith
HPRegen  0.29/turn              A - +4 ring of slaying
MPRegen  0.12/turn              B - +6 ring of intelligence

@: on berserk cooldown, slowed, very slow
A: large, unfitting armour, tough skin 1
a: Renounce Religion, Berserk, Trog's Hand, Brothers in Arms


You were on level 9 of the Dungeon.
You worshipped Trog.
Trog was extremely pleased with you.
You visited 2 branches of the dungeon, and saw 10 of its levels.

You collected 387 gold pieces.
You spent 70 gold pieces at shops.

Inventory:

Hand Weapons
 a - a +0 mace
 p - a +0 giant spiked club (weapon)
 y - a +0 arbalest
Missiles
 s - a throwing net (quivered)
Armour
 b - a +0 animal skin (worn)
 k - a +0 cloak (worn)
Jewellery
 u - an amulet of faith (around neck)
 A - a +4 ring of slaying (left hand)
 B - a +6 ring of intelligence (right hand)
Wands
 l - a wand of digging (4)
 x - a wand of charming (9)
 z - a wand of iceblast (22)
Scrolls
 c - 3 scrolls of fear {unknown}
 d - a scroll of noise {unknown}
 f - 3 scrolls of enchant armour {unknown}
 h - 2 scrolls of immolation {unknown}
 i - 3 scrolls of amnesia
 n - a scroll of enchant weapon {unknown}
 q - a scroll of torment {unknown}
 D - a scroll of fog {unknown}
Potions
 e - 2 potions of heal wounds
 g - 4 potions of degeneration
 j - a potion of might
 o - 4 potions of flight
 r - 2 potions of mutation
 t - a potion of ambrosia
 v - 2 potions of curing
 w - a potion of haste
 C - a potion of lignification


   Skills:
 + Level 11.3 Fighting
 + Level 8.1 Maces & Flails
 + Level 8.1 Dodging


You had 9 spell levels left.
You didn't know any spells.
Your spell library was empty.

Dungeon Overview and Level Annotations

Branches:
Dungeon (9/15)             Temple (1/1) D:5
   Lair: D:8-11         Orc: D:9-12

Altars:
Elyvilon
Fedhas

Shops:
D:3 ?


Innate Abilities, Weirdness & Mutations

You are too large for most types of armour.
You have tough skin. (AC +1)


Message History

* * * LOW HITPOINT WARNING * * *
The steam dragon claws you but does no damage.
You impale the steam dragon!!
You kill the steam dragon!
Trog accepts your kill.
You are engulfed in a cloud of scalding steam.
* * * LOW HITPOINT WARNING * * *
The howler monkey hoots and howls with incredible vigour!
You hear a bellow! x4; You hear an angry buzzing noise.
You hear a shout!
You puncture the yak!
The yak is moderately wounded.
The yak gores you!
* * * LOW HITPOINT WARNING * * *
Unknown command.
You are no longer berserk.
You are exhausted.
You feel yourself slow down.
As you read the scroll of teleportation, it crumbles to dust.
You feel strangely unstable.
A wight comes into view. It is wielding a +1 halberd.
The howler monkey hoots and howls with incredible vigour!
A wight comes into view. It is wielding a +5 falchion.
The yak gores you.
* * * LOW HITPOINT WARNING * * *
The wight moves out of view.
You hear a bellow! x2; You hear an angry buzzing noise.
Your surroundings suddenly seem different.
A troll comes into view.
The troll shouts!
You feel much better. The troll barely misses you. The troll claws you. x2
The troll bites you!
* * * LOW HITPOINT WARNING * * *
The troll claws you!
* * * LOW HITPOINT WARNING * * *
The troll claws you.
* * * LOW HITPOINT WARNING * * *
You sock the troll!
The troll is moderately wounded.
The troll closely misses you. The troll claws you!
You die...

#....##.......#
#....##.......#
#....##.......#
#....##.......#
#....##.......#
.###############
...........
......T..#
#....@.#
#......#
#........
#..........
#............
#............
.............
##############


You could see a troll.

Vanquished Creatures
  Prince Ribbit (D:8)
  Grinder (D:4)
  Sigmund (D:4)
  A wyvern (D:7)
  A yak (D:9)
  2 steam dragons
  A water moccasin (D:8)
  2 orc warriors
  A hornet zombie (D:8)
  A sky beast (D:6)
  A black bear (D:5)
  2 necrophages (D:6)
  2 ogres
  2 ice beasts
  4 centaurs
  2 phantoms (D:6)
  A bullfrog (D:5)
  A scorpion (D:4)
  A water moccasin skeleton (D:5)
  3 killer bees (D:9)
  2 wights (D:8)
  A hound (D:6)
  A jelly (D:8)
  2 bullfrog zombies (D:6)
  A centaur zombie (D:9)
  A bullfrog skeleton (D:5)
  2 gnoll shamans
  2 iguanas (D:4)
  2 orc priests (D:6)
  4 orc wizards
  Ijyb (D:3)
  Natasha (thrice) (D:4)
  A howler monkey zombie (D:8)
  11 gnolls
  5 adders
  A shadow imp (D:5)
  A white imp (D:7)
  An ufetubus (D:7)
  A worm (D:2)
  3 dart slugs
  28 orcs
  5 ball pythons
  6 endoplasms
  11 giant cockroaches
  6 goblins
  9 hobgoblins
  6 jackals
  6 quokkas
  9 bats
  2 frilled lizards (D:2)
  10 kobolds
  7 rats
182 creatures vanquished.

Notes
Turn   | Place    | Note
-------+----------+-------------------------------------------
     0 | D:1      | hikkokomori the Ogre Berserker began the quest for the Orb.
     0 | D:1      | Reached XP level 1. HP: 24/24 MP: 1/1
    31 | D:1      | Reached XP level 2. HP: 32/32 MP: 2/2
   346 | D:1      | Reached XP level 3. HP: 38/40 MP: 3/3
   352 | D:1      | Reached ** piety under Trog
  1334 | D:2      | Reached XP level 4. HP: 40/49 MP: 4/4
  1604 | D:2      | Reached skill level 5 in Fighting
  1758 | D:3      | Reached *** piety under Trog
  1811 | D:3      | Found a faded altar of an unknown god.
  2275 | D:3      | You fall into a shaft and drop 1 floor!
  2286 | D:4      | Reached XP level 5. HP: 43/57 MP: 5/5
  2541 | D:3      | Noticed Ijyb
  2550 | D:3      | Killed Ijyb
  2609 | D:3      | Found Haggouf's Magic Scroll Boutique.
  2614 | D:3      | Bought a scroll of identify for 28 gold pieces
  2614 | D:3      | Bought a scroll of teleportation for 42 gold pieces
  3184 | D:4      | Noticed Sigmund
  3200 | D:4      | Reached XP level 6. HP: 53/67 MP: 6/6
  3204 | D:4      | Reached skill level 6 in Fighting
  3601 | D:4      | Killed Sigmund
  4057 | D:4      | Noticed Natasha
  4063 | D:4      | Killed Natasha
  4064 | D:4      | Reached XP level 7. HP: 69/76 MP: 7/7
  4112 | D:4      | Noticed Natasha
  4122 | D:4      | Killed Natasha
  4136 | D:4      | Noticed Natasha
  4146 | D:4      | Killed Natasha
  4223 | D:4      | Reached skill level 7 in Fighting
  4359 | D:4      | Noticed Grinder
  4377 | D:4      | Killed Grinder
  4378 | D:4      | Reached skill level 5 in Maces & Flails
  4378 | D:4      | Reached skill level 5 in Dodging
  4500 | D:4      | Reached XP level 8. HP: 71/88 MP: 8/8
  4502 | D:4      | Reached **** piety under Trog
  4997 | D:5      | Entered Level 5 of the Dungeon
  5009 | D:5      | Found a staircase to the Ecumenical Temple.
  5018 | Temple   | Entered the Ecumenical Temple
  5161 | D:5      | Reached skill level 8 in Fighting
  6432 | D:6      | Reached skill level 9 in Fighting
  6640 | D:6      | Reached XP level 9. HP: 91/98 MP: 9/9
  7739 | D:6      | Reached skill level 10 in Fighting
  8519 | D:7      | Reached ***** piety under Trog
  9145 | D:8      | Noticed Prince Ribbit
  9181 | D:8      | Killed Prince Ribbit
  9505 | D:8      | Reached skill level 11 in Fighting
  9505 | D:8      | Reached XP level 10. HP: 110/113 MP: 10/10
 10066 | D:9      | HP: 2/114 [troll (6)]
 10067 | D:9      | Slain by a troll

Illustrated notes

Levels and vault maps discovered:
D:1:      dpeg_arrival_simpleton_b, layout_rooms, serial_corexii_hall,
          corexii_hall_statues_deadend, chequers_hall_statues_corner_a,
          minmay_misc_feat_pillars, minivault_11, minmay_misc_feat_four_crosses
D:2:      layout_rooms, minmay_misc_feat_alley, guppyfry_early_orc_mine
D:3:      layout_loops_corners, serial_shops, shop_fountains,
          hellmonk_ecumenical_altar_run_dry, hangedman_decor_growths, uniq_ijyb
D:4:      layout_rooms, uniq_grinder, uniq_sigmund, uniq_natasha
D:5:      layout_cave_pools, lemuel_temple_firewalk_a,
          chequers_serial_rivers_marsh
D:6:      layout_loops_ring, nicolae_sextant, grunt_decor_resistance
D:7:      layout_basic
D:8:      layout_cave_pools, uniq_prince_ribbit1
D:9:      layout_stronghold, serial_park_tiny_1, statue_in_the_mist_lemuel,
          uniq_psyche, uniq_joseph
Temple:   minmay_crystal_snake_temple

Skill      XL: |  1  2  3  4  5  6  7  8  9 10 |
---------------+-------------------------------+-----
Maces & Flails | 3 4 5 6 7 8 |  8.1
Dodging        | 3 4 5 6 7 8 |  8.1
Fighting       | 5 6 7 9 11 | 11.3

Action                   |  1- 3 |  4- 6 |  7- 9 | 10-12 || total
-------------------------+-------+-------+-------+-------++-------
Melee: Mace              |   142 |   155 |    20 |       ||   317
       Giant spiked club |       |       |   235 |    38 ||   273
Invok: Berserk           |     2 |     3 |    12 |     3 ||    20
       Trog's Hand       |       |       |     1 |       ||     1
  Use: Scroll            |       |       |    12 |     1 ||    13
       Potion            |       |       |       |     1 ||     1
Armor: Animal skin       |    59 |    50 |    72 |     3 ||   184
Dodge: Dodged            |   106 |   104 |   204 |    37 ||   451
